 Dungeon Crawl Stone Soup version 0.30-b1-2-g02819fbbbe (webtiles) character file.

Game seed: 6340882554213034802

103 sanka the Chopper (level 4, 0/41 HPs)
             Began as a Hill Orc Monk on May 18, 2023.
             Slain by a scorpion (4 damage)
             ... on level 4 of the Dungeon.
             The game lasted 00:03:11 (2698 turns).

sanka the Chopper (Hill Orc Monk)                   Turns: 2698, Time: 00:03:12

Health: 0/41       AC:  7    Str: 15    XL:     4   Next: 79%
Magic:  4/4        EV: 11    Int: 10    God:
Gold:   206        SH:  0    Dex: 19    Spells: 3/3 levels left

rFire   . . .        a - +0 hand axe
rCold   . . .        d - orb {light}
rNeg    . . .        g - +0 ring mail
rPois   .            (no helmet)
rElec   .            w - scarf {shadows}
rCorr   .            (no gloves)
SInv    .            o - +1 pair of boots {Stlth+}
Will    .....        n - amulet of regeneration
Stlth   +            f - +6 ring of dexterity
HPRegen 1.06/turn    (no ring)
MPRegen 0.09/turn

%: no passive effects
@: lethally poisoned (0 -> -1), glowing
A: no striking features
a: no special abilities


You were on level 4 of the Dungeon.
You visited 1 branch of the dungeon, and saw 4 of its levels.

You collected 206 gold pieces.

Inventory:

Hand Weapons
 a - a +0 hand axe (weapon)
Armour
 d - an orb of light (worn)
 g - a +0 ring mail (worn)
 o - a +1 pair of boots of stealth (worn)
 p - a +0 chain mail
 w - a scarf of shadows (worn)
Jewellery
 b - an amulet of the acrobat
 f - a +6 ring of dexterity (left hand)
 n - an amulet of regeneration (around neck)
 t - a +6 ring of strength
Scrolls
 j - 4 scrolls of identify {unknown}
 k - 3 scrolls of blinking {unknown}
 m - a scroll of butterflies {unknown}
 q - 2 scrolls of fear {unknown}
 r - a scroll of noise {unknown}
 u - a scroll of poison {unknown}
 v - a scroll of teleportation {unknown}
Potions
 c - a potion of ambrosia
 e - a potion of cancellation {unknown}
 h - a potion of degeneration {unknown}
 i - a potion of mutation {unknown}
 l - a potion of curing {unknown}
 s - a potion of magic {unknown}


   Skills:
 + Level 4.7 Fighting
 * Level 6.2 Axes
 - Level 2.4 Dodging


You had 3 spell levels left.
You didn't know any spells.
Your spell library was empty.

Dungeon Overview and Level Annotations

Branches:
Dungeon (4/15)
 Temple: D:4-7

Altars:
Elyvilon


Message History

The jackal bites you but does no damage.
The scorpion closely misses you.
You hit the scorpion but do no damage.
The scorpion is almost dead.
You barely miss the jackal.
You feel sick.
The jackal bites you but does no damage.
The scorpion barely misses you.
Unknown command.
You barely miss the scorpion.
The scorpion is almost dead.
You barely miss the jackal.
You feel sick.
The jackal bites you but does no damage.
The scorpion barely misses you. The jackal closely misses you.
Unknown command.
Unknown command.
You barely miss the scorpion.
The scorpion is almost dead.
You hit the jackal.
You feel sick. The scorpion stings you.
* * * LOW HITPOINT WARNING * * *
The jackal barely misses you.
Unknown command.
You hit the scorpion but do no damage.
The scorpion is almost dead.
You hit the jackal but do no damage.
You feel sick. The jackal bites you.
* * * LOW HITPOINT WARNING * * *
The scorpion closely misses you.
Unknown command.
You hit the scorpion.
The scorpion is almost dead.
You hit the jackal but do no damage.
You feel sick. The jackal bites you.
* * * LOW HITPOINT WARNING * * *
The scorpion stings you but does no damage.
The jackal bites you but does no damage.
The scorpion barely misses you.
You hit the scorpion.
The scorpion is almost dead.
You hit the jackal.
You kill the jackal!
You feel sick. The scorpion stings you.
You die...

........
........
.......#
.......#
.......#
......s#
#@######
#.[.....
#.###### #.#
#.# #.#######
#.......#
######.######.
#........


You could see a scorpion.

Vanquished Creatures
  5 adders
  A dart slug (D:3)
  2 orcs (D:3)
  4 ball pythons
  5 endoplasms
  2 giant cockroaches
  5 goblins
  5 hobgoblins
  6 jackals
  A quokka (D:3)
  2 bats (D:1)
  5 frilled lizards
  6 kobolds
  3 rats
52 creatures vanquished.

Vanquished Creatures (others)
  8 plants (D:3)
8 creatures vanquished.

Grand Total: 60 creatures vanquished

Notes
Turn   | Place    | Note
-------+----------+-------------------------------------------
     0 | D:1      | sanka the Hill Orc Monk began the quest for the Orb.
     0 | D:1      | Reached XP level 1. HP: 19/19 MP: 1/1
   233 | D:1      | Reached XP level 2. HP: 23/27 MP: 2/2
   900 | D:2      | Reached skill level 5 in Axes
   900 | D:2      | Reached XP level 3. HP: 33/33 MP: 3/3
  1276 | D:2      | Reached XP level 4. HP: 41/41 MP: 4/4
  1786 | D:3      | Reached skill level 6 in Axes
  1916 | D:3      | Found a white marble altar of Elyvilon.
  1993 | D:3      | Found a faded altar of an unknown god.
  2677 | D:4      | Noticed a scorpion
  2698 | D:4      | Slain by a scorpion

Illustrated notes

Levels and vault maps discovered:
D:1:      psy_arrival_conway, layout_loops_ring
D:2:      layout_basic, minmay_tromino_i2
D:3:      layout_loops_corners, elyvilon_altar_4,
          shapermc_ecumenical_altar_ellora, minmay_misc_feat_pillars,
          serial_bayou_lake_a
D:4:      layout_basic, vehumet_altar_wand_db, xom_butterflies,
          nicolae_ossuary_entry_false_entrances, hellmonk_no_cap

Skill      XL: |  1  2  3  4 |
---------------+-------------+-----
Fighting       | 4 |  4.7
Axes           | 5 6 |  6.2
Dodging        | |  2.4

Action                     |  1- 3 |  4- 6 || total
---------------------------+-------+-------++-------
  Melee: Hand axe          |    92 |    81 ||   173
 Armour: Ring mail         |    36 |    26 ||    62
         Chain mail        |       |     1 ||     1
  Dodge: Dodged            |    49 |    43 ||    92
